 Dungeon Crawl Stone Soup version 0.31-a0-344-gd109795599 (webtiles) character file.

Game seed: 185332608865613544

2529 garrulousMonolith the Cleaver (level 9, -23/80 HPs)
             Began as a Hill Orc Fighter on July 21, 2023.
             Annihilated by an orc warlord
             ... wielding a +6 broad axe
              (34 damage)
             ... in a bailey.
             The game lasted 00:06:40 (5909 turns).

garrulousMonolith the Cleaver (Hill Orc Fighter)    Turns: 5909, Time: 00:06:40

Health: -23/80     AC: 18    Str: 21    XL:     9   Next: 54%
Magic:  9/9        EV:  6    Int: 10    God:
Gold:   308        SH:  5    Dex: 12    Spells: 7/8 levels left

rFire   + . .        y - +3 war axe of a Gauntlet {freeze, Dex+2}
rCold   + . .        c - +0 buckler
rNeg    . . .        s - +0 plate armour
rPois   +            g - +1 helmet {SInv}
rElec   +            h - +0 cloak
rCorr   +            (no gloves)
SInv    +            A - +0 pair of boots
Will    .....        b - amulet of faith Stlth
                     (no ring)
HPRegen 0.33/turn    (no ring)
MPRegen 0.11/turn

%: faith
@: mighty, resistant, on berserk cooldown, slowed, studying Dodging, very slow
A: no striking features
a: no special abilities


You were in a bailey.
You visited 1 branch of the dungeon, and saw 7 of its levels.
You also visited: Bailey.

You collected 398 gold pieces.
You spent 90 gold pieces at shops.

Inventory:

Hand Weapons
 a - a +0 war axe
 l - a +0 sling
 w - a +1 short sword of venom
 y - the +3 war axe of a Gauntlet (weapon) {freeze, Dex+2}
   (You found it on level 4 of the Dungeon)

   Dex:       It affects your dexterity (+2).
 F - a +0 broad axe
Missiles
 e - 4 poisoned darts (quivered)
 J - 16 boomerangs
Armour
 c - a +0 buckler (worn)
 g - a +1 helmet of see invisible (worn)
 h - a +0 cloak (worn)
 s - a +0 plate armour (worn)
 A - a +0 pair of boots (worn)
Jewellery
 b - an amulet of faith (around neck)
Talismans
 u - a beast talisman
Wands
 k - a wand of charming (7)
 x - a wand of acid (1)
 E - a wand of flame (18)
Scrolls
 m - a scroll of fear {unknown}
 n - 2 scrolls of vulnerability {unknown}
 o - 2 scrolls of teleportation {unknown}
 q - 2 scrolls of immolation
 t - 2 scrolls of brand weapon {unknown}
 C - a scroll of poison {unknown}
 D - a scroll of identify
 I - 2 scrolls of revelation {unknown}
Potions
 d - 2 potions of might
 f - a potion of berserk rage
 i - 3 potions of haste
 r - a potion of cancellation
 v - 2 potions of mutation {unknown}
 z - a potion of enlightenment {unknown}
 B - a potion of attraction {unknown}
 G - 2 potions of invisibility {unknown}
 H - 2 potions of magic {unknown}


   Skills:
 + Level 7.7 Fighting
 * Level 10.8 Axes
 + Level 7.0 Armour
 + Level 7.0 Shields


You had 7 spell levels left.
You knew the following spells:

 Your Spells              Type           Power      Damage    Failure   Level
a - Apportation           Tloc           0%         N/A       100%        1

Your spell library contained the following spells:

 Spells                   Type           Power      Damage    Failure   Level
 Necrotise                Necr           0%         1d4       100%        1
 Summon Small Mammal      Summ           0%         N/A       100%        1
 Ensorcelled Hibernation  Hex/Ice        0%         N/A       100%        2
 Passwall                 Tmut/Erth      0%         N/A       100%        2
 Ozocubu's Armour         Ice            0%         N/A       100%        3
 Swiftness                Air            0%         N/A       100%        3
 Ozocubu's Refrigeration  Ice            0%         4d7       100%        7


Dungeon Overview and Level Annotations

Branches:
Dungeon (7/15)             Bailey (1/1)
 Temple: D:4-7

Altars:
Wu Jian
Xom
Zin

Annotations:
D:4 2 transporters, HotCheetoh's ghost, amateur MiFi


Message History

You feel yourself moving faster!
You feel mighty!
You feel a strong urge to attack something.
The gate flies open with a bang!
You slash the gnoll! You freeze the gnoll.
You kill the gnoll!
There is an open translucent gate, spattered with blood here.
Things that are here:
a +0 war axe; a +0 leather armour; a gnoll corpse You enter the shallow water.
Moving in this stuff is going to be slow.
You feel a strong urge to attack something.
You are no longer berserk.
You are exhausted.
You feel yourself slow down.
You hit the orc warlord but do no damage.
The orc warlord hits you with a +6 broad axe!! x2
Your unstable footing causes you to fumble your attack.
The orc warlord hits you with a +6 broad axe!
* * * LOW HITPOINT WARNING * * *
Your unstable footing causes you to fumble your attack.
The orc warlord barely misses you. The orc warlord closely misses you.
You feel much better. The orc warlord barely misses you.
The orc warlord hits you but does no damage.
You slice the orc warlord!! You freeze the orc warlord.
The orc warlord is lightly wounded.
The orc warlord hits you with a +6 broad axe!!
* * * LOW HITPOINT WARNING * * *
You feel much better.
The orc warlord hits you with a +6 broad axe!!
* * * LOW HITPOINT WARNING * * *
The orc warlord hits you with a +6 broad axe!
* * * LOW HITPOINT WARNING * * *
Okay, then.
Aiming: Corrosive Bolt
Press: ? - help, Shift-Dir - straight line, f - orc warlord
Aim: an orc warlord, wielding a +6 broad axe and wearing a +0 chain mail (lightly wounded, 79% to hit)
The bolt of acid hits the orc warlord.
The orc warlord is moderately wounded.
The orc warlord hits you with a +6 broad axe!!
You die...

##.....## ##.....##
##.......#######)......##
##..8..8.........).8..8..##
#................)........#
#.........................#
#...8......#')'#......8...#
##......####~~~####......##
♣##.....#~~~~~o~~~#.....##♣
♣.##....#~.8..@8.~#....##.♣
♣♣..###'###.......###'###..♣♣
♣...~~~.#~~.8...8.~~#.~)~...♣
♣♣...~~~)#~.........~#)~)~...♣♣
♣∩...~~~.#~....∩....~#.~~~...∩♣
♣♣...~~~.##.........##.~~~...♣♣
♣...~~~.#~..8...8..~#.~~~...♣
♣♣..###'#~.........~#'###..♣♣
♣.##.).#~|!8...8?:~#...##.♣


You could see an orc warlord.

Vanquished Creatures
  Grinder (D:4)
  A vampire (D:6)
  4 orc warriors
  3 black bears
  2 sky beasts (D:6)
  2 centaurs (D:6)
  A phantom (D:6)
  A bullfrog (D:6)
  2 scorpions
  5 wights (D:7)
  2 howler monkeys
  3 hounds
  2 jellies
  3 iguanas
  3 orc wizards
  Robin (D:4)
  7 gnolls
  9 adders
  A worm (D:4)
  22 orcs
  4 ball pythons
  4 endoplasms
  A giant cockroach (D:4)
  26 goblins
  9 hobgoblins
  3 jackals (D:3)
  17 kobolds
  4 quokkas
  3 bats
  7 frilled lizards
  3 rats
  A butterfly (D:4)
157 creatures vanquished.

Notes
Turn   | Place    | Note
-------+----------+-------------------------------------------
     0 | D:1      | garrulousMonolith the Hill Orc Fighter began the quest for
                  | the Orb.
     0 | D:1      | Reached XP level 1. HP: 19/19 MP: 1/1
   139 | D:1      | Reached skill level 3 in Axes
   216 | D:1      | Reached XP level 2. HP: 22/27 MP: 2/2
   713 | D:2      | Reached XP level 3. HP: 30/33 MP: 3/3
  1299 | D:2      | Identified the +2 leather armour of Rationality {rF+ Int+3}
  1608 | D:3      | Found Zin's Purification Station.
  1608 | D:3      | Found a glowing silver altar of Zin.
  1616 | D:3      | Bought a potion of curing for 90 gold pieces
  1666 | D:3      | Reached skill level 4 in Axes
  1699 | D:3      | Reached XP level 4. HP: 40/40 MP: 4/4
  2168 | D:4      | Noticed Robin
  2183 | D:4      | Killed Robin
  2184 | D:4      | Reached XP level 5. HP: 33/47 MP: 5/5
  2296 | D:4      | Noticed Grinder
  2317 | D:4      | Killed Grinder
  2318 | D:4      | Reached skill level 5 in Fighting
  2318 | D:4      | Reached skill level 5 in Axes
  2318 | D:4      | Reached XP level 6. HP: 27/56 MP: 6/6
  2462 | D:4      | Found a shimmering altar of Xom.
  2477 | D:4      | Reached skill level 6 in Axes
  2647 | D:4      | Identified the +3 dagger of the Chickpea {speed, *Noise
                  | rElec rF+ MP+9}
  2705 | D:4      | Noticed HotCheetoh's ghost (amateur MiFi)
  2722 | D:4      | Found a transporter.
  2747 | D:4      | Found a transporter.
  2835 | D:4      | Found an ornate altar of the Wu Jian Council.
  3110 | D:4      | Learned a level 1 spell: Apportation
  3131 | D:4      | Identified the +3 war axe of a Gauntlet {freeze, Dex+2}
  3218 | D:5      | Entered Level 5 of the Dungeon
  3226 | D:5      | Reached XP level 7. HP: 59/61 MP: 7/7
  3467 | D:5      | Reached skill level 5 in Shields
  3679 | D:5      | Reached skill level 7 in Axes
  3679 | D:5      | Reached skill level 5 in Armour
  4166 | D:6      | Reached XP level 8. HP: 62/70 MP: 8/8
  4259 | D:6      | Reached skill level 8 in Axes
  4320 | D:6      | Reached skill level 9 in Axes
  4509 | D:6      | Noticed a vampire
  4526 | D:6      | Killed a vampire
  4788 | D:6      | Reached XP level 9. HP: 51/79 MP: 9/9
  5291 | D:7      | Reached skill level 10 in Axes
  5416 | D:7      | Found a flagged portal.
  5428 | Bailey   | Entered a bailey
  5497 | Bailey   | Noticed an orc warlord
  5657 | Bailey   | Found a runed translucent gate.
  5660 | Bailey   | Found a runed translucent gate.
  5661 | Bailey   | Found a runed translucent gate.
  5909 | Bailey   | Annihilated by an orc warlord

Illustrated notes

Levels and vault maps discovered:
D:1:      sevenhm_arrival_forest_fort_small_4, layout_basic
D:2:      layout_basic, hangedman_decor_growths, minmay_misc_feat_doors
D:3:      layout_basic, zin_purify
D:4:      layout_basic, nicolae_wu_jian_glorious_leap, xom_butterflies,
          gammafunk_ghost_stat_death, uniq_grinder, uniq_robin
D:5:      layout_gridville, grunt_ministairs_6
D:6:      layout_loops_ring, minmay_manual_mares
D:7:      layout_gridville, gammafunk_temple_overflow_elements,
          minmay_temple_entry_slanted, lightli_bailey_entry_fortress,
          kennysheep_generic_room_13
Bailey:   bailey_axe_bossmonster_kennysheep, bailey

Skill      XL: |  1  2  3  4  5  6  7  8  9 |
---------------+----------------------------+-----
Axes           | 3 4 5 6 7 9 10 | 10.8
Fighting       | 4 5 6 7 |  7.7
Armour         | 4 5 6 7 |  7.0
Shields        | 4 5 6 7 |  7.0

Action                     |  1- 3 |  4- 6 |  7- 9 || total
---------------------------+-------+-------+-------++-------
  Melee: War axe           |   107 |   112 |   218 ||   437
  Throw: Dart              |       |     3 |       ||     3
   Cast: Apportation       |       |     2 |       ||     2
  Evoke: Wand              |       |       |     3 ||     3
    Use: Scroll            |       |     4 |     3 ||     7
         Potion            |       |       |     7 ||     7
 Armour: Scale mail        |    33 |       |       ||    33
         Plate armour      |    25 |    94 |   147 ||   266
         Chain mail        |    16 |       |       ||    16
  Dodge: Dodged            |    52 |    32 |    61 ||   145
  Block: Buckler           |    27 |    40 |    58 ||   125

Table legend: (Time is in decaauts)
 A = Elapsed time spent in this place.
 B = Non-inter-level travel time spent in this place.
 C = Inter-level travel time spent in this place.
 D = Time resting spent in this place.
 E = Time spent auto-exploring this place.
 F = Levels seen in this place.
 G = Mean time per level.
                   A        B        C        D        E       F      G
               +--------+--------+--------+--------+--------+-----+--------+
         Total |   6019 |   5857 |    162 |   1139 |   3522 |   8 |  752.4 |
       Dungeon |   5532 |   5370 |    162 |   1012 |   3298 |   7 |  790.3 |
        Bailey |    487 |    487 |      0 |    127 |    224 |   1 |  487.0 |
               +--------+--------+--------+--------+--------+-----+--------+

Top non-repeatable levels by time:
     D:4: 1093 daAuts
     D:6: 1059 daAuts
     D:5: 943 daAuts
     D:2: 755 daAuts
     D:1: 724 daAuts
     D:3: 722 daAuts
  Bailey: 487 daAuts
     D:7: 233 daAuts
